 Dungeon Crawl Stone Soup version 0.23.0 (webtiles) character file.

Game seed: 17261126607199804940

64 Kairos the Skirmisher (level 4, 0/37 HPs)
             Began as a Formicid Abyssal Knight on Feb 15, 2019.
             Was a Follower of Lugonu.
             Slain by an adder (4 damage)
             ... on level 1 of the Dungeon.
             The game lasted 00:02:36 (724 turns).

Kairos the Skirmisher (Formicid Abyssal Knight)      Turns: 724, Time: 00:02:37

Health: 0/37       AC:  3    Str: 17    XL:     4   Next: 32%
Magic:  5/5        EV: 11    Int: 12    God:    Lugonu [*.....]
Gold:   49         SH:  0    Dex: 10    Spells: 3/3 levels left

rFire    . . .     SeeInvis +   g - +0 whip (elec)
rCold    . . .     Gourm    .   (no shield)
rNeg     . . .     Faith    .   b - +0 leather armour
rPois    .         Spirit   .   (helmet unavailable)
rElec    .         Reflect  .   (no cloak)
rCorr    .         Harm     .   (no gloves)
MR       .....                  (no boots)
Stlth    +.........             (no amulet)
HPRegen  0.12/turn              (no ring)
MPRegen  0.09/turn              (no ring)

@: lethally poisoned (0 -> -2)
A: permanent stasis, dig shafts and tunnels, four strong arms, antennae 3
a: Dig, Shaft Self, Depart the Abyss, Renounce Religion


You were on level 1 of the Dungeon.
You worshipped Lugonu.
Lugonu was aware of your devotion.
You were not hungry.

You visited 1 branch of the dungeon, and saw 2 of its levels.
You visited the Abyss 1 time.

You collected 49 gold pieces.

Inventory:

Hand Weapons
 a - a +1 hand axe
 g - a +0 whip of electrocution (weapon)
Armour
 b - a +0 leather armour (worn)
Scrolls
 d - a scroll of amnesia {unknown}
 e - 2 scrolls of teleportation {unknown}
 h - a scroll of blinking {unknown}
 j - a scroll of magic mapping {unknown}
Comestibles
 c - 4 rations


   Skills:
 + Level 3.9 Fighting
 + Level 2.6(2.7) Axes
 + Level 0.3(1.6) Maces & Flails
 + Level 2.8 Armour
 + Level 1.6 Dodging
 + Level 0.2 Stealth
 + Level 2.4 Invocations


You had 3 spell levels left.
You didn't know any spells.
Your spell library was empty.

Dungeon Overview and Level Annotations

Branches:
Dungeon (2/15)

Altars:


Innate Abilities, Weirdness & Mutations

You cannot be hasted, slowed, berserked, paralysed or teleported.
You can dig through walls and to a lower floor.
Your four strong arms can wield two-handed weapons with a shield.
You have a pair of large antennae on your head. (SInv)


Message History

The adder bites you.
* * * LOW HITPOINT WARNING * * *
You barely miss the adder.
The adder is lightly wounded.
The adder closely misses you. The adder bites you but does no damage.
You closely miss the adder.
The adder is lightly wounded.
The adder bites you.
* * * LOW HITPOINT WARNING * * *
You barely miss the adder.
The adder is lightly wounded.
The adder bites you.
* * * LOW HITPOINT WARNING * * *
You are poisoned.
The adder poisons you!
You barely miss the adder.
The adder is lightly wounded.
* * * LOW HITPOINT WARNING * * *
You feel sick. The adder bites you.
You die...

#)..≈≈≈≈≈≈≈≈≈≈#
#....≈≈≈≈≈≈≈≈≈#
#.....≈≈≈≈≈≈≈≈#
#.......≈≈≈≈≈≈#
#.#.......≈≈≈≈# #####
#...........≈≈# ....#
###..........≈#
....######......S###.≈#
................@# #..#
......####.####### ####
....#.## #.# #.###..#
#.# #.# ##.###.#
#[####..##.######
#.....(.........#
#.#####..#.####.# #.#
##.#.# #.#


You could see an adder.

Vanquished Creatures
  An orc wizard (D:2)
  A dart slug (D:1)
  An orc (D:2)
  A ball python (D:1)
  A giant cockroach (D:1)
  9 hobgoblins
  3 bats
  2 frilled lizards (D:1)
  4 goblins (D:1)
  2 kobolds (D:1)
  6 rats (D:1)
31 creatures vanquished.

Vanquished Creatures (others)
  2 starspawn tentacles (Abyss:1)
2 creatures vanquished.

Grand Total: 33 creatures vanquished

Notes
Turn   | Place    | Note
-------+----------+-------------------------------------------
     0 | Abyss:1  | Kairos the Formicid Abyssal Knight began the quest for the
                  | Orb.
     0 | Abyss:1  | Reached XP level 1. HP: 18/18 MP: 2/2
     5 | Abyss:1  | Noticed a tentacled starspawn
    85 | Abyss:2  | Noticed a spatial vortex
    87 | Abyss:2  | Noticed a spatial vortex
    91 | Abyss:2  | Noticed a titan zombie
   108 | Abyss:2  | Noticed a quasit
   114 | Abyss:2  | Noticed a ynoxinul
   116 | D:1      | Escaped the Abyss
   177 | D:1      | Reached XP level 2. HP: 7/24 MP: 3/3
   192 | D:1      | Reached skill level 1 in Dodging
   200 | D:1      | Reached * piety under Lugonu
   398 | D:1      | Reached XP level 3. HP: 27/30 MP: 4/4
   699 | D:2      | Reached XP level 4. HP: 12/37 MP: 5/5
   724 | D:1      | Slain by an adder

Skill      XL: |  1  2 |
---------------+-------+-----
Dodging        | 1 |  1.6
Fighting       | |  3.9
Axes           | |  2.6
Maces & Flails | |  0.3
Armour         | |  2.8
Stealth        | |  0.2
Invocations    | |  2.4

Action                   |  1- 3 |  4- 6 || total
-------------------------+-------+-------++-------
Melee: Hand axe          |    45 |       ||    45
       Whip              |    48 |     5 ||    53
Invok: Depart the Abyss  |     1 |       ||     1
  Use: Potion            |     1 |     2 ||     3
Armor: Leather armour    |    45 |     3 ||    48
Dodge: Dodged            |    75 |     7 ||    82
